[Event "*** Titled Tuesday 3|2 Blitz"]
[Site "Chess.com"]
[Date "2015.03.03"]
[Round "2"]
[White "Chesseducation4u"]
[Black "vinceyoung15"]
[Result "1-0"]
[WhiteElo "2320"]
[BlackElo "2113"]
[TimeControl "180+2"]
[EndTime "11:22:45 PST"]
[Termination "Chesseducation4u won by resignation"]

1. Nf3 d5 2. g3 e6 3. Bg2 Nf6 4.
O-O Be7 5. c4 O-O 6. d4 c6 7.
Qc2 Nbd7 8. Rd1 b6 9. b3 Bb7 10. Nc3 Rc8 11. e4 Bb4 12. e5 Bxc3 13. Qxc3 Ne8 14. c5 bxc5 15. dxc5 f6 16. Bh3 f5 17. Bf1 h6 18. h4 Qe7 19. Be3 Nc7 20. a4 Rf7 21.
Qa5 a6 22. Rac1 Nf8 23. Qb4 Ba8 24. h5 g5 25. hxg6 Nxg6 26. Bxh6 f4 27. Bg5 Qf8 28. g4 Rb8 29. Qc3 d4 30. Rxd4 Nd5 31. Qd3 Qg7 32. Qxa6 Nxe5 33. Nxe5 Qxe5 34. Rxd5 exd5 35. Bh4 Rbf8 36.
f3 Bb7 37. Qd3 Qe3+ 38. Qxe3 fxe3 39. Be2 Bc8 40. b4 Be6 41. Rd1 Rf4 42. b5 Rxa4 43. bxc6 Rc8 44. Bg5 Rxc6 45. Bb5 e2 46. Re1 Raa6 47.
Bxa6 Rxa6 48. Rxe2 Rc6 49. Be7 Kf7 50. Bd6 Bd7 51.
Ra2 Be6 52. Kf2 d4 53. Rd2 Kg6 54. Rxd4 Kg5 55. Kg3 Kf6 56. f4 Kf7 57. f5 Bd7 58. Kf4 Ra6 59. g5 Ra1 60. g6+ Kf6 61. Be5+ Ke7 62.
f6+ Ke8 63. f7+ Ke7 64. Bf6+ 1-0

[Event "*** Titled Tuesday 3|2 Blitz"]
[Site "Chess.com"]
[Date "2015.03.03"]
[Round "2"]
[White "kesarev"]
[Black "FrankieJay"]
[Result "1/2-1/2"]
[WhiteElo "2238"]
[BlackElo "2208"]
[TimeControl "180+2"]
[EndTime "11:22:47 PST"]
[Termination "Game drawn - insufficient material"]

1. Nf3 Nf6 2. c4 g6 3. Nc3 Bg7 4. e4 d6 5. d4 O-O 6. h3 e5 7. d5 Na6 8. Bg5 h6 9. Be3 Nc5 10. Nd2 a5 11. g4 Ne8 12. Rg1 Kh7 13. Qf3 f5 14. gxf5 gxf5 15. Qg2 Qf6 16. O-O-O f4 17. Bxc5 dxc5 18. Be2 Nd6 19. Bg4 Rg8 20. Bxc8 Raxc8 21. b3 Bf8 22. Qf3 Be7 23. Qh5 Rg5 24. Rxg5 Qxg5 25.
Qxg5 hxg5 26. Nf3 Bf6 27. Rg1 Kh6 28. Kd2 b6 29. Kd3 Rg8 30. Nh2 Kg6 31. Ne2 Rh8 32. f3 Rxh3 33. Rg2 Bg7 34. Kd2 Ne8 35. Ng4 Bf6 36.
Ng1 Rh1 37. Ke2 Ng7 38. Kf2 Nh5 39. Rh2 Rxh2+ 40. Nxh2 Ng3 41. Ng4 Bg7 42. Ne2 Nh5 43.
Nc1 Kf7 44. Nd3 Ke7 45. Ndxe5 Bxe5 46. Nxe5 Nf6 47. Nc6+ Kd7 48. e5 Nh5 49. e6+ Kd6 50. Nd8 b5 51. Nf7+ Ke7 52. Nxg5 bxc4 53. bxc4 Ng7 54. Ne4 Nf5 55. Nxc5 Ne3 56. Na6 Nxc4 57. Nxc7 Ne3 58. Nb5 Nxd5 59. Nd4 Nc7 60. Nc6+ Kxe6 61.
Nxa5 Kd5 62. Ke2 Kc5 63. Kd3 Kb4 64. Nc6+ Ka3 65. Ke4 Ne6 66. Ke5 Ng5 67. Kxf4 Nxf3 68. Kxf3 Kxa2 1/2-1/2

[Event "*** Titled Tuesday 3|2 Blitz"]
[Site "Chess.com"]
[Date "2015.03.03"]
[Round "2"]
[White "Rijeka1999"]
[Black "esr44"]
[Result "1-0"]
[WhiteElo "2245"]
[BlackElo "2072"]
[TimeControl "180+2"]
[EndTime "11:22:57 PST"]
[Termination "Rijeka1999 won by checkmate"]

1. e4 c6 2. d4 d5 3. Nc3 dxe4 4.
Nxe4 Bf5 5. Ng3 Bg6 6. Bc4 e6 7. N1e2 Bd6 8. h4 h6 9. Nf4 Bxf4 10. Bxf4 Nf6 11. Qe2 Qxd4 12. Be5 Qc5 13. O-O-O Nbd7 14. Bd6 Qa5 15. a3 O-O-O 16. Be7 Rde8 17. Bb4 Qe5 18.
Qd2 Nb6 19. Bb3 Rd8 20. Bd6 Qb5 21. Qf4 Nfd5 22. Qe5 Nc4 23. Bxc4 Qxc4 24. Rd2 Rxd6 25. Qxd6 Rd8 26. Qe5 Rd7 27. h5 Qa2 28. b3 Qxa3+ 29. Qb2 Qxb2+ 30. Kxb2 Bh7 31. Rhd1 Re7 32. c4 Nf6 33.
Rd8+ Kc7 34. Ra8 a6 35. Rdd8 Kb6 36. b4 c5 37. Rd6+ Kc7 38. bxc5 Ne4 39. Nxe4 Bxe4 40. f3 Bc6 41. Kc3 b6 42. Ra7+ Bb7 43. Rxb6 Kb8 44.
Rbxa6 Rc7 45. Ra1 e5 46. R7a5 f5 47. Re1 e4 48. fxe4 Bxe4 49. Rb5+ Kc8 50. g3 Kd7 51. Re3 Kc6 52. Kb4 Rd7 53. Ra3 Rd2 54. Ra6+ Kc7 55. Ra7+ Kc8 56. c6 Rb2+ 57. Kc5 Rb1 58. Rxb1 Bxb1 59.
Kd6 Kb8 60. c7+ Kxa7 61. c8=Q Kb6 62. c5+ Ka5 63. c6 Be4 64. Qb8 Bf3 65. Kc5 Bxh5 66. Qa7# 1-0

[Event "*** Titled Tuesday 3|2 Blitz"]
[Site "Chess.com"]
[Date "2015.03.03"]
[Round "2"]
[White "GGuseinov"]
[Black "Tirantes"]
[Result "1-0"]
[WhiteElo "2479"]
[BlackElo "2170"]
[TimeControl "180+2"]
[EndTime "11:23:05 PST"]
[Termination "GGuseinov won on time"]

1. e4 e5 2. Nf3 Nc6 3. Bb5 a6 4. Bxc6 dxc6 5. O-O f6 6. d4 exd4 7. Nxd4 c5 8. Nb3 Qxd1 9. Rxd1 Bg4 10. f3 Bd7 11.
Nc3 Bd6 12. Be3 b6 13. a4 Kf7 14. a5 c4 15. Nd4 b5 16. f4 Ne7 17. e5 Bc5 18. exf6 gxf6 19. Kf2 Rhd8 20. g3 Bg4 21. Rd2 Ba7 22. h3 Bxh3 23. Rh1 Bf5 24. g4 Bxg4 25.
Rxh7+ Ke8 26. Rxe7+ Kxe7 27. Nc6+ Ke8 28. Nxd8 Bxe3+ 29. Kxe3 Rxd8 30. Nd5 Kf7 31. Nxc7 Rxd2 32. Kxd2 Bc8 33.
Ke3 Ke7 34. Kd4 Kd6 35. Nd5 f5 36. Nb4 Bb7 37. c3 Bc8 38. Nd5 Bb7 39. Ne3 Be4 40. Nf1 Bb7 41. Ng3 Bc8 42. Nh5 Bd7 43. Ng7 Bc8 44. Ne8+ Ke7 45. Nc7 Kd6 46. Na8 Bb7 47.
Nb6 Bc6 48. Nc8+ Kd7 49. Kc5 Be4 50. Nd6 Bd3 51. Kd5 Kc7 52. Ke5 Kd7 53. Nxf5 Bc2 54. Nd4 Bd3 55. Kd5 Bg6 56. Kc5 Kc7 57. f5 Bf7 58. Ne6+ Kd7 59. Kb6 Kd6 60. Kxa6 Ke5 61. Kxb5 Kxf5 62. Nd4+ Ke4 63. Kb6 Bd5 64. Nc6 Kd3 65.
a6 Kc2 66. Nb4+ 1-0

[Event "*** Titled Tuesday 3|2 Blitz"]
[Site "Chess.com"]
[Date "2015.03.03"]
[Round "2"]
[White "gmjlh"]
[Black "petrpalachev"]
[Result "1/2-1/2"]
[WhiteElo "2478"]
[BlackElo "2442"]
[TimeControl "180+2"]
[EndTime "11:23:08 PST"]
[Termination "Game drawn by agreement"]

1. e4 e6 2. d4 d5 3. Nd2 c5 4. Ngf3 Nf6 5. Bb5+ Bd7 6. Bxd7+ Qxd7 7.
exd5 Nxd5 8. O-O Nc6 9. Nc4 cxd4 10. Nxd4 Bc5 11. Nxc6 Qxc6 12. Qg4 Kf8 13. Ne5 Qc7 14. Nd3 h5 15. Qh3 Bd6 16. c3 g6 17. b3 Nf4 18.
Nxf4 Bxf4 19. Bxf4 Qxf4 20. Rad1 Ke7 21. Rd4 Qg5 22.
Rfd1 Rhd8 23. Qd3 Ke8 24. Rd7 b6 25. g3 Rxd7 26. Qxd7+ Kf8 27. Qc7 Qf6 28. Rd7 Qf3 29. h4 Kg8 30. a4 Qf5 31. b4 Qb1+ 32. Kh2 Qf5 33. Qf4 Qxf4 34. gxf4 Rc8 35. Rxa7 Rxc3 36. Rb7 Ra3 37. Rxb6 Rxa4 38. Rb7 Ra3 39. Kg2 Kg7 40.
b5 Rb3 41. b6 Kf6 42. f3 Rb2+ 43. Kg3 e5 44. fxe5+ Kxe5 45. Rb8 f6 46. b7 Kf5 47. Kh3 Rb3 48. Kg2 Rb2+ 49. Kf1 Kf4 50. Rf8 Rxb7 51. Rxf6+ Kg3 52. Rxg6+ Kxf3 53. Kg1 Rb4 54. Rf6+ Kg3 55.
Rg6+ Kxh4 56. Rc6 Rg4+ 57. Kh2 Ra4 58. Rc2 Kg4 59. Rd2 h4 60. Re2 h3 61. Rb2 Kh4 62. Rc2 Rg4 63. Rd2 Rf4 64. Re2 Rg4 65. Rd2 1/2-1/2

[Event "*** Titled Tuesday 3|2 Blitz"]
[Site "Chess.com"]
[Date "2015.03.03"]
[Round "2"]
[White "grandmastergauri"]
[Black "asms9699"]
[Result "1/2-1/2"]
[WhiteElo "2288"]
[BlackElo "2192"]
[TimeControl "180+2"]
[EndTime "11:23:11 PST"]
[Termination "Game drawn by repetition"]

1. e4 e6 2. d3 d5 3. Nd2 g6 4. g3 Bg7 5. Bg2 Ne7 6. Ngf3 O-O 7.
O-O c5 8. Re1 Nbc6 9. h4 h5 10. e5 Qc7 11. Qe2 Nf5 12. c3 b5 13.
Nf1 b4 14. Bf4 a5 15. Ne3 Nxe3 16. Qxe3 Ne7 17. Bh3 Bb7 18. d4 bxc3 19. bxc3 cxd4 20. cxd4 Rac8 21. Rec1 Qd7 22. Bh6 Rxc1+ 23. Rxc1 Rc8 24. Rb1 Ba6 25. Bxg7 Kxg7 26. Qg5 Ng8 27. Rb6 Rc6 28. Rb8 Rc8 29. Rxc8 Qxc8 30. Qd2 a4 31. Ng5 Bc4 32. a3 Qb7 33. Kh2 Qe7 34. Qb2 Nh6 35. Kg1 Bd3 36. Qc3 Bf5 37. Bf1 Be4 38. Bb5 Nf5 39. Bxa4 Qa7 40. Qb4 Nxd4 41. Be8 Nc2 42.
Qd2 Nxa3 43. Nxf7 Kf8 44. Nd6 Nc4 45. Qh6+ Qg7 46. Qf4+ Ke7 47. Nxc4 dxc4 48. Qxe4 Kxe8 49. Qc6+ Kf7 50. Qxc4 Qxe5 51. Qd3 Kf6 52. Qf3+ Qf5 53. Qc3+ Qe5 54. Qc8 Kg7 55. Qd7+ Kh6 56. Qd2+ Kg7 57. Qd7+ Kh6 58. Qe8 Qe1+ 59. Kg2 Qe4+ 60. Kh2 Qe5 61. Qf8+ Kh7 62. Qf7+ Kh6 63. Kg2 Qf5 64. Qxf5 exf5 65.
Kf3 Kg7 66. Kf4 Kf6 67. f3 Kf7 68. Kg5 Kg7 69. f4 Kf7 70. Kh6 Kf6 71. Kh7 Kf7 72.
Kh8 Kf8 73. Kh7 Kf7 74. Kh6 Kf6 75. Kh7 Kf7 1/2-1/2

[Event "*** Titled Tuesday 3|2 Blitz"]
[Site "Chess.com"]
[Date "2015.03.03"]
[Round "2"]
[White "Schemato"]
[Black "michaelk123"]
[Result "1-0"]
[WhiteElo "2074"]
[BlackElo "1882"]
[TimeControl "180+2"]
[EndTime "11:23:12 PST"]
[Termination "Schemato won on time"]

1. c4 c5 2. g3 g6 3. Bg2 Bg7 4.
Nc3 Nc6 5. Nf3 Nf6 6. d4 cxd4 7. Nxd4 Nxd4 8. Qxd4 O-O 9. O-O d6 10. Qd3 a6 11.
Be3 Bf5 12. Qd2 Qd7 13. Rfd1 Bh3 14. Bh1 Rad8 15. Rac1 b5 16. Nd5 Nxd5 17. cxd5 Rc8 18. Rc6 Qb7 19. Rdc1 Bd7 20. R6c2 Rxc2 21. Rxc2 Rc8 22. b3 Bf5 23. Rc1 h5 24. h4 b4 25.
Bg5 Bc3 26. Qe3 Rc7 27. Bf3 Qa8 28. Kg2 Qb7 29. Kg1 f6 30. Bf4 a5 31. Be4 Qa7 32. Qd3 Bxe4 33. Qxe4 Kg7 34. Be3 Qa6 35. Kf1 a4 36. Qf4 axb3 37. axb3 Kf7 38. Qh6 Qb5 39.
Qh7+ Ke8 40. Qxg6+ Kd8 41. Qxh5 Kc8 42. Qf5+ Kb7 43.
h5 Qa5 44. Qd3 Rc8 45. h6 Rh8 46. Qe4 Qc7 47. Qg6 Qd7 48. Kg2 e5 49. dxe6 Qh7 50. Qxh7+ Rxh7 51. Rd1 Kc6 52. Rd3 d5 53. Bf4 d4 54. e3 Kd5 55. exd4 Kxe6 56. d5+ Kd7 57. d6 Be5 58. Be3 f5 59. Rd5 Ke6 60. Rb5 Bxd6 61.
Rb6 Kd5 62. Kf3 Re7 63. Bf4 1-0

[Event "*** Titled Tuesday 3|2 Blitz"]
[Site "Chess.com"]
[Date "2015.03.03"]
[Round "2"]
[White "Gevorg_Harutjunyan"]
[Black "Cryptochess"]
[Result "0-1"]
[WhiteElo "2502"]
[BlackElo "2394"]
[TimeControl "180+2"]
[EndTime "11:23:24 PST"]
[Termination "Cryptochess won by resignation"]

1. e4 d6 2. d4 Nf6 3. Nc3 g6 4. Nf3 Bg7 5. Bc4 Nc6 6. d5 Nb8 7. Qe2 O-O 8. h3 c6 9. Bg5 b5 10. Bb3 b4 11. Na4 Ba6 12. Bc4 Bxc4 13. Qxc4 cxd5 14. exd5 Qa5 15. Qb3 Nxd5 16. O-O Nc6 17.
Rad1 e6 18. Nd2 Nd4 19. Qd3 Qxa4 20. b3 Qxa2 21. Nc4 Nc3 22. Rd2 d5 23. Nd6 Qa5 24. Be3 Nf5 25. Nxf5 gxf5 26. Bf4 Ne4 27. Rdd1 Rfc8 28. h4 Qc5 29. h5 Qxc2 30. Qh3 Rc3 31. Qh4 Bf6 32. Qh2 Qxb3 33. h6 d4 34. f3 Qd5 35. fxe4 fxe4 36. Bd2 Be5 37. Qh5 f5 38. Qg5+ Kh8 39. Bf4 Rg8 40. Qe7 e3 41. Bg5 Qd8 42.
Qxd8 Rxd8 43. Bxd8 e2 44. Rfe1 exd1=Q 45. Rxd1 d3 46.
Bg5 Bd4+ 47. Kh2 b3 48. Re1 e5 49. Rf1 f4 50. Ra1 b2 51. Rb1 Rb3 52. g3 fxg3+ 53. Kg2 Kg8 54. Be7 d2 55. Rf1 Rb8 56. Rb1 d1=Q 57. Rxd1 b1=Q 58. Rxb1 Rxb1 59. Kxg3 Kf7 60. Ba3 Ke6 61. Kg4 Rb3 62. Bc1 a5 63. Kh5 a4 64.
Kg4 Bb2 65. Bd2 a3 66. Kh5 a2 67.
Bg5 a1=Q 68. Be3 Qh1+ 69. Kg4 Qg2+ 70. Kh5 Rxe3 0-1

[Event "*** Titled Tuesday 3|2 Blitz"]
[Site "Chess.com"]
[Date "2015.03.03"]
[Round "2"]
[White "iFrancisco"]
[Black "AUSSIE_PINOY"]
[Result "0-1"]
[WhiteElo "2201"]
[BlackElo "2221"]
[TimeControl "180+2"]
[EndTime "11:23:56 PST"]
[Termination "AUSSIE_PINOY won by resignation"]

1. e4 c5 2. Nf3 a6 3. d4 cxd4 4. Nxd4 e6 5. Bd3 Nc6 6. Nxc6 bxc6 7. c4 c5 8. O-O Qc7 9. Nc3 Bb7 10. f4 h5 11. e5 h4 12. Be4 Be7 13. Qf3 Rb8 14. b3 Nh6 15. Be3 g6 16. Rad1 Nf5 17. Bf2 Rg8 18. Rd3 g5 19. Bxb7 g4 20. Qe2 Qxb7 21.
Ne4 Qc6 22. Rfd1 Rb7 23. Kf1 Rg6 24. Bg1 g3 25. h3 a5 26. a4 Kf8 27. Qf3 Kg7 28. R1d2 Kh6 29. Ke2 Rg8 30. Kd1 Rgb8 31. Kc2 Rb4 32. Nxc5 Qb6 33. Nxd7 Qxg1 34. Nxb8 Rxb8 35.
Rd1 Qc5 36. R1d2 Qa3 37. Kd1 Bb4 38. Rc2 Qa1+ 39. Rc1 Qa2 40. Qe2 Qa3 41. Qc2 Bc5 42. Qc3 Kg6 43. Rc2 Qb4 44. Ke2 Qb7 45. Kf1 Qa7 46. Re2 Qb7 47. Qc2 Qc7 48. Rf3 Kg7 49.
Rd3 Qc6 50. Qd2 Rb4 51. Rd7 Ne3+ 52. Rxe3 Bxe3 53. Qd3 Qb6 54. f5 Rxb3 55. f6+ Kh6 56. Qe4 Rb1+ 57. Ke2 Qb2+ 58. Kf3 Qf2+ 59. Kg4 Qe2+ 60.
Qf3 Qxf3+ 61. Kxf3 Bd4 62. Rxf7 Kg6 63. Rg7+ Kf5 64.
f7 Bc5 65. Rg8 Kxe5 66. f8=Q Rf1+ 67. Kg4 Rxf8 68. Rg5+ Rf5 69. Rg7 Rf4+ 70. Kg5 Rxc4 71. Rb7 Rxa4 72. Kh5 Kd5 73. Rd7+ Bd6 74. Rd8 Rb4 75.
Ra8 a4 76. Kg6 Rf4 77. Kg5 a3 78. Ra5+ Kc6 79. Rxa3 Bxa3 80. Kxf4 Be7 81. Ke5 Kd7 0-1

[Event "*** Titled Tuesday 3|2 Blitz"]
[Site "Chess.com"]
[Date "2015.03.03"]
[Round "2"]
[White "DanielRensch"]
[Black "MattyDPerrine"]
[Result "1/2-1/2"]
[WhiteElo "2280"]
[BlackElo "2169"]
[TimeControl "180+2"]
[EndTime "11:23:57 PST"]
[Termination "Game drawn by agreement"]

1. d4 Nf6 2. Nc3 d5 3. Bf4 Bf5 4. f3 e6 5. g4 Bg6 6. h4 h6 7. h5 Bh7 8. e3 Bd6 9. Nh3 a6 10. Bd3 Bxd3 11. Qxd3 c5 12. dxc5 Bxc5 13. O-O-O Nc6 14.
e4 dxe4 15. Nxe4 Qxd3 16. Nxf6+ gxf6 17. Rxd3 Nb4 18. Rb3 Nxa2+ 19. Kb1 Nb4 20. c3 Nd5 21. Rxb7 Kf8 22. Rd1 Rc8 23. Bc1 Bd6 24. Rd7 Bb8 25. Rd4 Kg7 26. Rb7 Be5 27. Rd3 Rhd8 28. Kc2 Rb8 29. Rxb8 Rxb8 30. f4 Bd6 31. Kb1 Bc5 32.
c4 Nb4 33. Rd7 Rc8 34. g5 hxg5 35. fxg5 e5 36. g6 Rf8 37. b3 Bd4 38. Bd2 Nc6 39.
Rd6 Nd8 40. gxf7 Nxf7 41. Rxa6 Rh8 42. h6+ Nxh6 43. Be1 Nf5 44. Nf2 Rh2 45. Nd3 Re2 46. Bb4 Ne3 47. Rc6 Nd1 48. Kc1 Nc3 49. Bxc3 Bxc3 50.
b4 e4 51. Nf4 Ra2 52. b5 Bd2+ 53. Kb1 Ra4 54. Ne6+ Kg6 55. Kc2 e3 56. b6 Ra2+ 57.
Kd3 Bc1 58. b7 Rd2+ 59. Kc3 Rb2 60. Nf4+ Kf5 61. Nd3 Rxb7 62. Nxc1 Rd7 63. Nd3 e2 64. Ne1 Rd1 65. Nc2 Rc1 66. Kd2 Rxc2+ 67. Ke1 Ke5 68. Rc8 f5 69. Re8+ Kd4 70. Rxe2 Rxc4 71. Kf2 Rc3 72.
Ra2 Ke4 73. Ra4+ Ke5 74. Ra5+ Kf4 75. Ra4+ Kg5 76. Rb4 f4 77. Rb8 Rc2+ 78. Kf3 Rc3+ 79. Kf2 Kf5 80. Rf8+ Ke4 81. Re8+ Kd5 82. Rd8+ Ke5 83.
Re8+ Kf6 84. Rf8+ Kg5 85. Rg8+ Kh6 86. Rf8 Rc2+ 87. Kf3 Rc1 88. Rxf4 Rf1+ 1/2-1/2

[Event "*** Titled Tuesday 3|2 Blitz"]
[Site "Chess.com"]
[Date "2015.03.03"]
[Round "2"]
[White "AkshatChandra"]
[Black "MinhGTrAn"]
[Result "1-0"]
[WhiteElo "2522"]
[BlackElo "2424"]
[TimeControl "180+2"]
[EndTime "11:25:56 PST"]
[Termination "AkshatChandra won by resignation"]

1. e4 c5 2. Nf3 d6 3. Bb5+ Nd7 4.
O-O Nf6 5. Re1 a6 6. Bd3 e6 7. c3 Be7 8. Bc2 O-O 9. d4 e5 10. Nbd2 Qc7 11. Nf1 Re8 12. Ng3 Bf8 13. a4 b6 14. b3 Bb7 15. Bb2 Rac8 16. Rc1 g6 17. Qd2 Rcd8 18. Rcd1 Bg7 19. Bb1 Nf8 20. d5 Bc8 21. Bd3 Qb7 22. b4 Bg4 23. Qe2 Ra8 24. h3 Bd7 25. Ra1 Rec8 26. Nd2 Ne8 27. Reb1 b5 28. axb5 axb5 29. Rxa8 Rxa8 30. bxc5 dxc5 31. Bc1 Nd6 32. c4 Rb8 33. cxb5 Bxb5 34. Bxb5 Nxb5 35.
Qc4 Nd7 36. Nf3 Qa6 37. Kh2 Bf6 38. Be3 Be7 39. Nd2 Bd6 40. Rb2 Kf8 41. Ra2 Qc8 42. Nb3 Nd4 43. Na5 Rb4 44. Qc1 Qa6 45. Ra1 Qb5 46.
Bh6+ Ke7 47. Bg5+ f6 48. Be3 h5 49. Bxd4 exd4 50. Nc6+ Kf7 51. Ra7 Ke8 52. Nxb4 Qxb4 53.
Qh6 Qb6 54. Qh8+ Bf8 55. Rxd7 Kxd7 56. Qxf8 c4 57. Qf7+ Kd6 58. Qxf6+ Kc5 59. Qf8+ Kb5 60. d6 Qc6 61. Qe7 c3 62. d7 c2 63. d8=Q c1=Q 64. Qb8+ Kc4 65. Qbc7 Kd3 66. Qxc6 Qxc6 67. h4 Kd2 68.
Qg5+ Kc2 69. e5 d3 70. Nf1 Qe4 71. Qd2+ Kb3 72. f4 Qe2 73. Kg1 Qe4 74. Kf2 Kc4 75. Ne3+ Kd4 76. Nd1 Qf5 77. Nb2 Qg4 78. Qxd3+ Kc5 79.
Qc4+ Kb6 80. Qd4+ Ka5 81. Nc4+ Kb5 82. Nd6+ Kc6 83. Qe4+ Kc5 84. g3 Qh3 85. Qe3+ Kd5 86. Qf3+ Ke6 87. Ne4 Ke7 88. Ng5 Qc8 89. Qa3+ Ke8 90.
Qa4+ Kf8 91. Qb4+ Kg8 92. Qb3+ Kh8 93. Nf7+ Kg7 94. Nd6 Qc5+ 95. Qe3 Qc2+ 96. Qe2 Qc1 97. Ne4 Qh1 98. Ng5 Qh2+ 99. Kf3 Qh1+ 100. Ke3 Qg1+ 101. Qf2 Qc1+ 102. Kf3 Qc6+ 103. Ke2 Qc4+ 104. Ke1 Qd3 105. Qa7+ 1-0

[Event "*** Titled Tuesday 3|2 Blitz"]
[Site "Chess.com"]
[Date "2015.03.03"]
[Round "2"]
[White "LADIESGET2KNOWME"]
[Black "ViennaRocket"]
[Result "0-1"]
[WhiteElo "2276"]
[BlackElo "2202"]
[TimeControl "180+2"]
[EndTime "11:27:16 PST"]
[Termination "ViennaRocket won by resignation"]

1. Nf3 f5 2. c4 Nf6 3. g3 g6 4. Bg2 Bg7 5. O-O O-O 6. Nc3 d6 7. d4 Qe8 8. d5 a5 9. Rb1 Na6 10. a3 Bd7 11. b4 axb4 12. axb4 c6 13.
dxc6 bxc6 14. b5 cxb5 15. cxb5 Nc5 16. Nd4 Nfe4 17. Nxe4 fxe4 18. Be3 Rb8 19. Qc2 Kh8 20. Bxe4 Nxe4 21. Qxe4 e5 22. Nc6 Rxb5 23. Na7 Bf5 24. Qxf5 gxf5 25. Nxb5 d5 26. Bc5 Rg8 27. Nd6 Qh5 28.
Rb7 Ra8 29. Rfb1 h6 30. Nf7+ Kg8 31. e3 d4 32. exd4 exd4 33. Nd6 d3 34. Be3 Be5 35.
Nf7 f4 36. gxf4 Bg7 37. Ne5 Bxe5 38. fxe5 Qxe5 39. Bxh6 Ra6 40. Be3 Rg6+ 41. Kf1 Qe4 42. Rb8+ Kh7 43. R1b7+ Rg7 44. Rxg7+ Kxg7 45. Kg1 Qg4+ 46.
Kf1 Qd1+ 47. Kg2 d2 48. Bxd2 Qxd2 49. Rb3 Kf6 50. Rf3+ Kg5 51. Rg3+ Kf4 52. Rf3+ Ke4 53. Re3+ Kd4 54. h3 Qa2 55. Kg3 Qa8 56. Kh2 Qg8 57. Rg3 Qf7 58. Kg2 Ke4 59. Re3+ Kd4 60. Rg3 Qd5+ 61.
Kg1 Qa2 62. Kg2 Qb1 63. Re3 Qd1 64. Kh2 Qf1 65. Rf3 Ke4 66. Rf8 Qd1 67. Re8+ Kf3 68. Rf8+ Ke2 69. Re8+ Kf1 70. Rg8 Kxf2 71. Rf8+ Ke3 72.
Re8+ Kf4 73. Rf8+ Kg5 74. Rg8+ Kf6 75. Rg2 Qd4 76. Kh1 Kf5 77. Kh2 Qe3 78. Rg4 Qf2+ 79. Kh1 Qf3+ 80. Kh2 Qe3 81. Rg3 Qe5 82. Kg2 Qe2+ 83.
Kg1 Kf4 84. Rg2 Qe3+ 85. Kh2 Ke4 86. Rg4+ Kf5 87. Rg2 Qf4+ 88. Kg1 Ke4 89. Re2+ Kd3 90. Rg2 Qe3+ 91. Kh2 Kd4 92. Rg4+ Ke5 93. Kg2 Qe2+ 94. Kg3 Kf5 95. Rf4+ Ke5 96. Rg4 Qe3+ 97. Kg2 Qe2+ 98. Kg3 Qf1 99. Kh4 Qf2+ 100. Kh5 Qh2 101. h4 Qe2 102.
Kg5 Qe3+ 103. Kh5 Qf3 104. Kg5 Qf5+ 0-1

[Event "*** Titled Tuesday 3|2 Blitz"]
[Site "Chess.com"]
[Date "2015.03.03"]
[Round "2"]
[White "pedromartinez91"]
[Black "IMRosen"]
[Result "1/2-1/2"]
[WhiteElo "2148"]
[BlackElo "2091"]
[TimeControl "180+2"]
[EndTime "11:28:50 PST"]
[Termination "Game drawn - insufficient material"]

1. e4 c5 2. Nf3 e6 3. c3 d5 4. exd5 Qxd5 5. d4 Nf6 6. Na3 Qd8 7.
Be2 Nc6 8. Nc2 cxd4 9. Ncxd4 Nxd4 10. Nxd4 Be7 11. O-O O-O 12. Bg5 e5 13. Nf3 Qc7 14.
Bh4 Re8 15. Qa4 Bd7 16. Bb5 e4 17. Nd4 Bxb5 18. Qxb5 Ng4 19. Bg3 Qc8 20. Nf5 Bc5 21. Nd6 Bxd6 22. Bxd6 a6 23. Qe2 Qe6 24. Bg3 f5 25. f3 Nf6 26. Bh4 Rad8 27. Bxf6 Qxf6 28. fxe4 Qb6+ 29. Qf2 Qxf2+ 30. Rxf2 fxe4 31. Re2 e3 32. Rae1 Rd3 33. g3 g5 34. h3 h5 35. g4 hxg4 36. hxg4 Re4 37. Kh2 Rxg4 38. Rxe3 Rd2+ 39. R1e2 Rd7 40. Re8+ Kf7 41. R8e3 Kg6 42. Re6+ Kf7 43. R6e3 Rd6 44. Rh3 Rf4 45. Kg2 Kg6 46. Rf3 Rxf3 47. Kxf3 b5 48. Kg4 Rf6 49. Re4 Rc6 50. Rd4 Rf6 51. a4 bxa4 52. Rxa4 Rb6 53. Ra2 Rc6 54. Ra5 Rc4+ 55. Kg3 Rc6 56. Kf3 Rb6 57. Ra2 Kh5 58. Kg3 Rd6 59. c4 Rd4 60. c5 Rc4 61. Ra5 Rc2 62.
b4 Rc3+ 63. Kf2 Rc4 64. Ra4 Kh4 65. Rxa6 Rxb4 66. Rh6+ Kg4 67. c6 Rc4 68. Rd6 Rc2+ 69. Kg1 Kh3 70. Rh6+ Kg3 71. Kf1 g4 72. Rd6 Kh2 73.
Rh6+ Kg3 74. Rd6 Rc1+ 75. Ke2 Kh2 76. Kf2 g3+ 77. Kf3 g2 78. Rh6+ Kg1 79. Rg6 Rc3+ 80. Ke4 Kf1 81. Rf6+ Ke2 82. Rg6 Kf2 83. Rf6+ Ke2 84.
Rg6 Kf2 85. Kd5 Rd3+ 86. Ke6 Rg3 87. Rf6+ Ke2 88. c7 g1=Q 89. c8=Q Qb6+ 90. Kf7 Qa7+ 91.
Ke6 Re3+ 92. Kf5 Qh7+ 93. Kg5 Rg3+ 94. Kf4 Qh4+ 95. Ke5 Re3+ 96. Kd5 Rd3+ 97. Ke6 Qg4+ 98. Rf5 Qg6+ 99. Ke5 Qg7+ 100. Ke6 Qg6+ 101. Ke5 Re3+ 102. Kd5 Rd3+ 103. Ke5 Qg3+ 104. Ke6 Rd6+ 105. Ke7 Rd2 106. Qc4+ Qd3 107. Re5+ Kd1 108. Qa4+ Qc2 109. Qa1+ Qc1 110. Re1+ Kxe1 111. Qxc1+ Ke2 112. Qc4+ Rd3 113. Ke6 Kd2 114. Qb4+ Ke2 115. Qb2+ Ke3 116. Qc1+ Ke4 117. Qc2 Kd4 118. Qf2+ Ke4 119. Qf5+ Ke3 120. Ke5 Ke2 121. Qg4+ Kd2 122. Ke4 Re3+ 123. Kd4 Rd3+ 124. Ke4 Re3+ 125. Kf4 Rd3 126. Qg2+ Kc3 127. Qc6+ Kd2 128. Qc5 Rc3 129. Qd4+ Rd3 130. Qb4+ Ke2 131. Qb2+ Rd2 132. Qe5+ Kd3 133. Qb5+ Kc3 134. Ke3 Rc2 135. Qe5+ Kb4 136. Kd3 Rc4 137. Qd6+ Kb5 138. Qd4 Rxd4+ 139.
Kxd4 1/2-1/2

[Event "*** Titled Tuesday 3|2 Blitz"]
[Site "Chess.com"]
[Date "2015.03.03"]
[Round "3"]
[White "Polemistis"]
[Black "HansCoolNiemann"]
[Result "0-1"]
[WhiteElo "1160"]
[BlackElo "1827"]
[TimeControl "180+2"]
[EndTime "11:30:15 PST"]
[Termination "HansCoolNiemann won by resignation"]

1. d4 Nf6 2. c4 g6 3. Nc3 Bg7 4.
Nf3 O-O 5. g3 d6 6. Bg2 c6 7.
O-O Qa5 8. Qc2 e5 9. e3 Re8 10. Rd1 exd4 11. exd4 Bf5 12. Bf4 Bxc2 0-1

[Event "*** Titled Tuesday 3|2 Blitz"]
[Site "Chess.com"]
[Date "2015.03.03"]
[Round "3"]
[White "Colombiano07"]
[Black "lukas_111111"]
[Result "0-1"]
[WhiteElo "1970"]
[BlackElo "2278"]
[TimeControl "180+2"]
[EndTime "11:31:41 PST"]
[Termination "lukas_111111 won by resignation"]

1. e4 c5 2. Nf3 e6 3. d4 cxd4 4. Nxd4 Nc6 5. Nc3 Qc7 6. g3 a6 7. Bg2 d6 8. O-O Bd7 9. Re1 Be7 10. Nxc6 Bxc6 11. Qg4 h5 12. Qe2 h4 13. Qg4 hxg3 14. Qxg7 gxf2+ 15. Kxf2 Bf6 16. Qg3 Bh4 0-1

[Event "*** Titled Tuesday 3|2 Blitz"]
[Site "Chess.com"]
[Date "2015.03.03"]
[Round "3"]
[White "IMLevAltounian"]
[Black "gmjlh"]
[Result "1-0"]
[WhiteElo "2458"]
[BlackElo "2463"]
[TimeControl "180+2"]
[EndTime "11:32:39 PST"]
[Termination "IMLevAltounian won by resignation"]

1. e4 e5 2. Nf3 Nc6 3. Bb5 Nf6 4. O-O Nxe4 5. d4 Nd6 6. dxe5 Nxb5 7. a4 Nbd4 8. Nxd4 d5 9. exd6 Nxd4 10. Qxd4 Bxd6 11. Qxg7 Rf8 12. Bg5 Be7 13. Bxe7 Qxe7 14. Nc3 Be6 15. Rad1 Rd8 16. Qxh7 Rxd1 17. Rxd1 Qb4 18.
Qd3 Ke7 19. Nd5+ Bxd5 20. Qxd5 Re8 21. c3 Qxb2 22. Re1+ Kf8 23. Qc5+ Kg7 1-0

[Event "*** Titled Tuesday 3|2 Blitz"]
[Site "Chess.com"]
[Date "2015.03.03"]
[Round "3"]
[White "vinceyoung15"]
[Black "gumersindo"]
[Result "1-0"]
[WhiteElo "2121"]
[BlackElo "2088"]
[TimeControl "180+2"]
[EndTime "11:32:59 PST"]
[Termination "vinceyoung15 won by checkmate"]

1. e4 e5 2. Nf3 Nc6 3. Bb5 a6 4. Ba4 Nf6 5. d3 b5 6. Bb3 Be7 7. c3 O-O 8. Nbd2 d6 9. Nf1 Na5 10. Bc2 c5 11. Ng3 Nc6 12. O-O b4 13. d4 Bg4 14. d5 Nb8 15. h3 Bd7 16. Nh2 Bb5 17. Re1 a5 18. f4 Nbd7 19. Ng4 Nxg4 20. Qxg4 Nf6 21. Qf3 exf4 22. Bxf4 Nd7 23. Nf5 Nf6 24. Rad1 g6 25. Bh6 Re8 26. Nxe7+ Qxe7 27. Bg5 bxc3 28. Bxf6 Qd7 29. Qf4 Re5 30. Qh6 Rh5 31. Qg7# 1-0

[Event "*** Titled Tuesday 3|2 Blitz"]
[Site "Chess.com"]
[Date "2015.03.03"]
[Round "3"]
[White "chesstatour"]
[Black "kinetix"]
[Result "1-0"]
[WhiteElo "1888"]
[BlackElo "1459"]
[TimeControl "180+2"]
[EndTime "11:33:14 PST"]
[Termination "chesstatour won by resignation"]

1. d4 d6 2. Nf3 g6 3. e4 c6 4. Bc4 d5 5. exd5 cxd5 6. Bb5+ Bd7 7. Bxd7+ Qxd7 8. Ne5 Qd8 9. Qf3 Nf6 10.
Nc3 Bg7 11. O-O O-O 12. Bg5 Nc6 13. Rad1 e6 14. Ng4 1-0

[Event "*** Titled Tuesday 3|2 Blitz"]
[Site "Chess.com"]
[Date "2015.03.03"]
[Round "3"]
[White "exoticprincess"]
[Black "MITerryble"]
[Result "1-0"]
[WhiteElo "2800"]
[BlackElo "2493"]
[TimeControl "180+2"]
[EndTime "11:33:19 PST"]
[Termination "exoticprincess won by resignation"]

1. b3 e5 2. Bb2 Nc6 3. e3 a6 4.
Nc3 d5 5. d4 exd4 6. exd4 Nf6 7. Qd2 Bb4 8. O-O-O Ne4 9. Qe3 Bxc3 10. Bxc3 O-O 11. Be1 Re8 12. Ne2 Bg4 13. Qf4 Bxe2 14.
Bxe2 Qe7 15. Kb2 Nxf2 16. Bxf2 Qxe2 17. Rhe1 Re4 18. Qxc7 Qxf2 19. Rf1 Re7 20. Qxe7 Qxf1 21. Qxb7 Rb8 22. Qxb8+ 1-0